[Event "WYCC 2018 O18"]
[Site "Halkidiki"]
[Date "2018.10.22"]
[Round "4"]
[White "Dobrovoljc, Vid"]
[Black "Veleshnja, Zino"]
[Result "1-0"]
[ECO "B90"]
[WhiteElo "2309"]
[BlackElo "2155"]
[Annotator "ChessBase"]
[PlyCount "141"]
[EventDate "2018.10.20"]
[EventType "swiss"]
[EventCountry "GRE"]
[SourceTitle "playchess.com"]
[Source "ChessBase"]
[SourceQuality "1"]
[TimeControl "40/5400+30:1800+30"]

1. e4 c5 2. Nf3 d6 3. d4 cxd4 4. Nxd4 Nf6 5. Nc3 a6 6. f3 e5 7. Nb3 Be6 8. Be3 Nbd7 9. Qd2 Be7 10. O-O-O O-O 11. g4 b5 12. g5 b4 13. Ne2 Ne8 14. f4 a5 15. f5 a4 16. fxe6 axb3 17. cxb3 fxe6 18. Bh3 Nc7 19. Kb1 Qc8 20. Nc1 Qb7 21. Qg2 Rfd8 22. Rhf1 Nf8 23. Bg4 d5 24. exd5 exd5 25. h4 Qa6 26. h5 d4 27. Qf3 Nd5 28. Bd2 Kh8 29. Qe4 Nc3+ 30. bxc3 bxc3 31. Be2 Qa3 32. Bxc3 dxc3 33. Qc2 Bxg5 34. Rxd8 Rxd8 35. Qxc3 Qe7 36. Qf3 Bf6 37. Bd3 Qa3 38. Rf2 Rc8 39. Bc4 Rd8 40. h6 Ng6 41. hxg7+ Bxg7 42. Rh2 Qe7 43. Qh5 Nf8 44. Qf7 Qxf7 45. Bxf7 Rd7 46. Bc4 e4 47. a4 Ng6 48. a5 Ne5 49. Be6 Rd6 50. Bf5 e3 51. Rxh7+ Kg8 52. Rh2 Nf3 53. Ra2 Rc6 54. Rc2 Rd6 55. Bd3 Ne1 56. Rc8+ Kf7 57. a6 Rd7 58. Bb5 Rd2 59. Rc7+ Kg6 60. Rxg7+ Kxg7 61. a7 Rd8 62. Bc6 Kf6 63. a8=Q Rxa8 64. Bxa8 Ke5 65. Kb2 Kd4 66. Bb7 e2 67. Nxe2+ Ke3 68. Nc1 Kd2 69. b4 Nc2 70. Nb3+ Kd3 71. Ba6+ 1-0

[Event "WYCC 2018 O18"]
[Site "Halkidiki"]
[Date "2018.10.22"]
[Round "4"]
[White "Kouskoutis, Georgios-Alexandros"]
[Black "Polyakov, Fedor"]
[Result "0-1"]
[ECO "B33"]
[WhiteElo "2296"]
[BlackElo "2036"]
[Annotator "NA"]
[PlyCount "124"]
[EventDate "2018.10.20"]
[EventType "swiss"]
[EventCountry "GRE"]
[SourceTitle "playchess.com"]
[Source "ChessBase"]
[SourceQuality "1"]
[TimeControl "40/5400+30:1800+30"]

1. e4 c5 2. Nf3 Nc6 3. d4 cxd4 4. Nxd4 Nf6 5. Nc3 e5 6. Ndb5 d6 7. Bg5 a6 8. Na3 b5 9. Nd5 Be7 10. Bxf6 Bxf6 11. c3 Bg5 12. Nc2 O-O 13. h4 Bh6 14. g3 Ne7 {[%emt 0:02:50] B33: Sizilianisch (Lasker/Pelikan/Sweschnikow-Variante)} 15. Bh3 {[%emt 0:08:44] [#]} Nxd5 $146 ({Vorgänger:} 15... Bxh3 16. Rxh3 a5 17. Kf1 Rc8 18. Nce3 Bxe3 19. Nxe3 Qd7 20. g4 Rfd8 {0-1 (55) Short,N (2674)-Topalov,V (2757) Wijk aan Zee 2005}) 16. Qxd5 Bxh3 17. Rxh3 Qd7 18. Rh2 Qg4 19. Qd3 f5 20. exf5 Rae8 21. Qe2 $11 Qxf5 22. g4 Qf4 23. Rh3 g6 24. Ne3 Qe4 25. g5 Bg7 26. Rd1 Rf4 27. Rxd6 Ref8 28. Rh2 Qb1+ 29. Rd1 Qxa2 30. Nd5 R4f7 31. h5 e4 32. hxg6 hxg6 33. Qxe4 Qxb2 34. Qe6 Bxc3+ 35. Kf1 Kg7 36. Qe3 Be5 37. Rg2 Rf3 38. Qc5 R8f7 39. Kg1 Qe2 40. Rf1 Qc4 41. Qxc4 bxc4 42. Rg4 c3 43. Re4 R7f5 44. Kg2 Rd3 45. Ne3 Rxg5+ 46. Kf3 Bd4 47. Rc1 Bxe3 48. fxe3 Rh5 49. Re6 Rh3+ 50. Kf4 Kf7 51. Rxa6 Rdxe3 52. Rc6 Rhf3+ 53. Kg4 Rg3+ 54. Kf4 Kg7 55. Rc8 Ref3+ 56. Ke4 Kh6 57. Rh1+ Kg5 58. Rc6 Rf4+ 59. Ke5 Re3+ 60. Kd5 Kf5 61. Rc8 Re5+ 62. Kd6 Rd4+ 0-1

[Event "WYCC 2018 O18"]
[Site "Halkidiki"]
[Date "2018.10.22"]
[Round "4"]
[White "Lazov, Toni"]
[Black "Ioannidis, Evgenios"]
[Result "1/2-1/2"]
[ECO "B66"]
[WhiteElo "2292"]
[BlackElo "2407"]
[Annotator "NA"]
[PlyCount "116"]
[EventDate "2018.10.20"]
[EventType "swiss"]
[EventCountry "GRE"]
[SourceTitle "playchess.com"]
[Source "ChessBase"]
[SourceQuality "1"]
[TimeControl "40/5400+30:1800+30"]

1. e4 c5 2. Nf3 d6 3. d4 cxd4 4. Nxd4 Nf6 5. Nc3 Nc6 6. Bg5 e6 7. Qd2 a6 8. O-O-O Be7 9. f3 Nxd4 10. Qxd4 b5 11. h4 Bb7 12. Kb1 O-O 13. g4 {[%emt 0:09:28] LiveBook: 43 Games} Rc8 14. a3 {[%emt 0:11:54] B63: Sicilian: Richter-Rauzer: 7...Be7 and unusual Black 7th moves} Qa5 (14... Qc7 15. Qd2 d5 16. e5 d4 17. Bxf6 gxf6 18. Bd3 Kg7 19. exf6+ Bxf6 {1-0 (42) Georgiadis,N (2522)-Draskovic,L (2449) Batumi 2018}) 15. Bd2 Qc7 16. g5 Nd7 17. h5 $146 ({Predecessor:} 17. Be3 d5 18. exd5 Bxd5 19. Bf4 Qc6 20. Nxd5 Qxc2+ {1-0 (36) Paehtz,E (2343)-Plachkinova,T (2171) Yerevan 2000}) 17... Qc5 18. Qxc5 dxc5 19. Bf4 Rfd8 20. Bh3 Nf8 21. Be3 c4 22. Ne2 Rxd1+ 23. Rxd1 Rd8 24. Rxd8 Bxd8 25. b3 cxb3 26. cxb3 g6 27. h6 $11 f6 28. gxf6 Bxf6 29. Kc2 Kf7 30. Kd3 Be7 31. b4 Nd7 32. f4 Nf6 33. Ng3 Bd8 34. f5 gxf5 35. exf5 e5 36. Ne2 e4+ 37. Kd2 Nd5 38. Bg2 Nxe3 39. Kxe3 Bg5+ 40. Kd4 Bxh6 41. Bxe4 Bg7+ 42. Kd3 Bxe4+ 43. Kxe4 Bb2 44. Nf4 Bxa3 45. Nd5 h5 46. Kf3 Bxb4 47. Nxb4 a5 48. Nc6 a4 49. Nb4 a3 50. Kf4 Kf6 51. Nd5+ Kg7 52. Nb4 Kh6 53. Na2 h4 54. Kg4 h3 55. Kxh3 Kg5 56. Kg3 Kxf5 57. Kf3 Ke5 58. Ke3 Kd5 {[%emt 0:00:03] Kd4+} 1/2-1/2

[Event "WYCC 2018 O18"]
[Site "Halkidiki"]
[Date "2018.10.22"]
[Round "4"]
[White "Tifferet, Shaked"]
[Black "Miciano, John Marvin"]
[Result "1/2-1/2"]
[ECO "B12"]
[WhiteElo "2254"]
[BlackElo "2361"]
[Annotator "NA"]
[PlyCount "51"]
[EventDate "2018.10.20"]
[EventType "swiss"]
[EventCountry "GRE"]
[SourceTitle "playchess.com"]
[Source "ChessBase"]
[SourceQuality "1"]
[TimeControl "40/5400+30:1800+30"]

1. e4 c6 2. d4 d5 3. e5 Bf5 4. Be3 e6 5. Nd2 Ne7 {[%emt 0:00:55] B12: Caro-Kann: Advance Variation} 6. Ngf3 (6. f4 Nd7 7. Ngf3 Qb6 8. Nb3 a5 9. a4 f6 10. Be2 Ng6 11. O-O Be7 12. c4 fxe5 13. c5 {1-0 (68) Zvjaginsev,V (2633)-Turov,M (2600) Yaroslavl 2018}) 6... h6 7. Be2 Bh7 8. O-O Nf5 9. c3 Be7 10. a4 O-O $146 ({Predecessor:} 10... Nxe3 11. fxe3 Bg5 12. Nxg5 hxg5 13. Bh5 Bf5 14. Bxf7+ Kxf7 {1-0 (47) Dos Santos,M-Mesquita,F Brazil CXEB 1994}) 11. Bf4 g5 12. Bg3 c5 13. dxc5 Nd7 14. b4 h5 15. h3 Nxg3 16. fxg3 Qc7 17. Nd4 Qxe5 18. Bxh5 Qe3+ 19. Kh2 Qxc3 20. N2b3 Nf6 ({But not} 20... Qxb4 21. c6 $17) 21. b5 Ne4 22. Rf3 Qb4 $11 23. Nc2 Qc4 24. Ne3 Qb4 25. Nc2 Qc4 26. Ne3 1/2-1/2

[Event "WYCC 2018 O18"]
[Site "Halkidiki"]
[Date "2018.10.22"]
[Round "4"]
[White "Alexakis, Dimitris"]
[Black "Mitrabha, Guha"]
[Result "0-1"]
[ECO "B15"]
[WhiteElo "2186"]
[BlackElo "2352"]
[Annotator "NA"]
[PlyCount "76"]
[EventDate "2018.10.20"]
[EventType "swiss"]
[EventCountry "GRE"]
[SourceTitle "playchess.com"]
[Source "ChessBase"]
[SourceQuality "1"]
[TimeControl "40/5400+30:1800+30"]

1. e4 c6 2. d4 d5 3. Nc3 dxe4 4. Nxe4 Nf6 5. Nxf6+ exf6 6. Nf3 Bd6 7. Be2 O-O 8. O-O Bg4 9. h3 Bh5 10. Nh4 {[%emt 0:02:48] B15: Caro-Kann: 3 Nc3: 3...g6 and 3...dxe4 4 Nxe4 Nf6 5 Nxf6+ exf6} Bg6 11. Nxg6 (11. Bd3 Bc7 12. c3 Qd6 13. g3 Qd7 14. Kh2 a5 15. a4 Na6 16. Nxg6 hxg6 17. Qf3 Bd6 {½-½ (64) Kannappan,P (2484)-Shimanov,A (2627) Philadelphia 2016}) 11... hxg6 12. Bf3 Nd7 13. c4 $146 ({Predecessor:} 13. Re1 f5 14. Qd3 Nf6 15. Bg5 Qc7 16. Bxf6 gxf6 17. c3 Rad8 18. Rad1 Kg7 19. g3 Rfe8 20. Rxe8 Rxe8 21. Kg2 a5 22. Qc4 {½-½ (22) Podinic,B (2274)-Mirkovic,S (2343) Belgrade 2012}) 13... f5 14. Re1 Nf6 15. Qc2 Bc7 16. Qd3 Qd6 17. g3 Rad8 18. Bf4 Qd7 19. Bxc7 Qxc7 20. Rad1 Rd7 21. c5 Rfd8 22. b4 Nd5 23. Qc4 a5 24. bxa5 f4 25. g4 Qxa5 26. Bxd5 Rxd5 27. Re7 R8d7 28. Rxd7 Rxd7 29. Kg2 Qd8 30. d5 cxd5 31. Qxf4 d4 32. Rd3 Rd5 33. a3 Qd7 34. Kg1 g5 35. Qe4 g6 36. f4 gxf4 37. Qxf4 Qe7 38. Kg2 Qe2+ 0-1

[Event "WYCC 2018 O18"]
[Site "Halkidiki"]
[Date "2018.10.22"]
[Round "4"]
[White "Krstic, Milos"]
[Black "Ranaldi, Lucas"]
[Result "0-1"]
[ECO "B19"]
[WhiteElo "2171"]
[BlackElo "2335"]
[Annotator "NA"]
[PlyCount "100"]
[EventDate "2018.10.20"]
[EventType "swiss"]
[EventCountry "GRE"]
[SourceTitle "playchess.com"]
[Source "ChessBase"]
[SourceQuality "1"]
[TimeControl "40/5400+30:1800+30"]

1. e4 c6 2. d4 d5 3. Nc3 dxe4 4. Nxe4 Bf5 5. Ng3 Bg6 6. h4 h6 7. Nf3 Nd7 8. h5 Bh7 9. Bd3 Bxd3 10. Qxd3 e6 11. Bd2 Ngf6 12. O-O-O Be7 13. Kb1 Qb6 14. Qe2 O-O 15. Ne5 $11 {[%emt 0:06:12] LiveBook: 10 Games} Rfd8 16. Bc1 a5 17. Ka1 a4 18. a3 Rac8 19. Rhe1 c5 20. Nxd7 Rxd7 21. dxc5 Qc6 22. Rxd7 Nxd7 23. Ne4 Nxc5 24. Kb1 Rd8 25. Nxc5 Qxc5 26. g4 b5 27. f3 b4 28. axb4 Qxb4 29. Rd1 Rb8 30. Qe4 Qb5 31. Qd3 Qb6 32. Qd4 Qb5 33. Qd3 Qb4 34. Qd4 Qa5 35. Qf4 Rb4 36. Qe3 a3 37. b3 Bg5 38. Qd3 a2+ 39. Ka1 Rd4 40. Qe2 Bf6 41. Bb2 Rd2 42. Qe1 Rxd1+ 43. Qxd1 Bxb2+ 44. Kxb2 g6 45. hxg6 fxg6 46. b4 a1=Q+ 47. Qxa1 Qxb4+ 48. Ka2 Qa4+ 49. Kb2 Qxa1+ 50. Kxa1 h5 0-1

[Event "WYCC 2018 O18"]
[Site "Halkidiki"]
[Date "2018.10.22"]
[Round "4"]
[White "Lindbol, Aleksander"]
[Black "Banzea, Alexandru-Bogdan"]
[Result "1/2-1/2"]
[ECO "B67"]
[WhiteElo "2166"]
[BlackElo "2313"]
[Annotator "NA"]
[PlyCount "59"]
[EventDate "2018.10.20"]
[EventType "swiss"]
[EventCountry "GRE"]
[SourceTitle "playchess.com"]
[Source "ChessBase"]
[SourceQuality "1"]
[TimeControl "40/5400+30:1800+30"]

1. e4 c5 2. Nf3 d6 3. d4 cxd4 4. Nxd4 Nf6 5. Nc3 Nc6 6. Bg5 e6 7. Qd2 a6 8. O-O-O Bd7 9. f4 h6 10. Bxf6 gxf6 11. f5 {[%emt 0:04:42] B63: Sicilian: Richter-Rauzer: 7...Be7 and unusual Black 7th moves} (11. g3 h5 12. Kb1 Qb6 13. Nb3 O-O-O 14. Bh3 Kb8 15. Rhf1 Bc8 16. Qe2 h4 17. Bg4 hxg3 18. hxg3 Rg8 {½-½ (35) Patel,A (2475)-Shabalov,A (2564) Chicago 2018}) 11... h5 12. Kb1 b5 13. fxe6 fxe6 14. Nxc6 $146 ({Predecessor:} 14. g3 Ne5 15. Bh3 Qe7 16. Rhf1 Bh6 17. Qf2 Bg5 18. Nce2 Ng4 19. Bxg4 hxg4 {1-0 (51) Lukasiewicz,A (2129)-Barburzynska,M (1887) Polanica Zdroj 2008}) 14... Bxc6 15. Qe3 Bh6 16. Qh3 Ke7 17. Ne2 e5 18. Ng3 Bd7 19. Qxh5 Qb6 $18 (19... Bf4 $16 {was called for.} 20. Qf3 Bxg3 21. Qxg3 Rg8) 20. Be2 Rag8 21. Nf5+ Bxf5 22. Qxf5 Rg5 23. Qf3 Rg6 24. Rhf1 Qe3 25. Qf5 Qg5 26. Rxd6 Kxd6 27. Rd1+ Kc7 28. Qd7+ Kb8 29. Qd6+ Kb7 30. Qd7+ 1/2-1/2

[Event "WYCC 2018 O18"]
[Site "Halkidiki"]
[Date "2018.10.22"]
[Round "4"]
[White "Asllani, Muhamet"]
[Black "Ayats Llobera, Gerard"]
[Result "0-1"]
[ECO "B02"]
[WhiteElo "2148"]
[BlackElo "2399"]
[Annotator "NA"]
[PlyCount "48"]
[EventDate "2018.10.20"]
[EventType "swiss"]
[EventCountry "GRE"]
[SourceTitle "playchess.com"]
[Source "ChessBase"]
[SourceQuality "1"]
[TimeControl "40/5400+30:1800+30"]

1. e4 Nf6 2. Nc3 d5 3. exd5 Nxd5 4. Nf3 g6 5. Bc4 {[%emt 0:00:57] B02: Alekhine's Defence: Chase Variation and lines with early Nc3} (5. g3 Bg7 6. Bg2 Nb6 7. O-O Nc6 8. a4 a5 9. d4 O-O 10. Be3 Bf5 11. Qe2 Nb4 12. Rac1 c6 {1-0 (28) Radjabov,T (2734)-Ivanchuk,V (2704) Beijing 2014}) 5... Nb6 6. Bb3 c5 7. Ne5 e6 8. Qf3 Qe7 $146 ({Predecessor:} 8... f6 9. Nc4 Bg7 10. Qe3 Nxc4 11. Bxc4 Qe7 12. O-O O-O {1-0 (58) Khatibi,M (2233)-Bahrami Hezaveh,N (2024) Hamedan 2018}) 9. d3 Bg7 10. Bf4 ({Natürlich nicht} 10. Bg5 f6 $15) 10... O-O 11. a4 Rd8 12. O-O N6d7 13. Rfe1 ({White should play} 13. Nc4 $14) 13... Bxe5 14. Bxe5 Nxe5 15. Rxe5 Nc6 16. Nd5 Rxd5 17. Rxd5 exd5 18. Bxd5 Nd4 19. Qd1 Be6 $19 20. Bxe6 Qxe6 21. c3 Nc6 22. Qf3 Re8 23. h3 Qe2 24. Qxf7+ Kxf7 0-1

[Event "WYCC 2018 O18"]
[Site "Halkidiki"]
[Date "2018.10.22"]
[Round "4"]
[White "Torres Cueto, Jesus Marcial"]
[Black "Ahmadzada, Ahmad"]
[Result "0-1"]
[ECO "E32"]
[WhiteElo "2078"]
[BlackElo "2343"]
[Annotator "NA"]
[PlyCount "96"]
[EventDate "2018.10.20"]
[EventType "swiss"]
[EventCountry "GRE"]
[SourceTitle "playchess.com"]
[Source "ChessBase"]
[SourceQuality "1"]
[TimeControl "40/5400+30:1800+30"]

1. d4 Nf6 2. c4 e6 3. Nc3 Bb4 4. Qc2 O-O 5. a3 Bxc3+ 6. Qxc3 b6 7. Nf3 Bb7 8. e3 d6 9. Bd3 Ne4 10. Qc2 f5 11. b4 Nd7 12. Bb2 Qe7 13. O-O {[%emt 0:01:16] E32: Nimzoindisch (4.Dc2)} Ng5 14. Nxg5 Qxg5 15. e4 $146 ({Vorgänger:} 15. f4 Qe7 16. Rae1 Nf6 17. d5 exd5 18. Bxf5 dxc4 19. e4 Bc8 20. Bxc8 Raxc8 21. e5 dxe5 22. Qxc4+ {0-1 (57) Przezdziecka,M (2278)-Berczes,D (2551) Warsaw 2010}) 15... Nf6 16. f4 Qh6 17. exf5 Ng4 18. g3 Ne3 19. Qf2 Nxf1 20. Rxf1 exf5 21. d5 c6 22. Re1 Rae8 23. Rd1 (23. Rxe8 $17 Rxe8 24. Bxf5) 23... Qh5 24. Rd2 Qf7 25. Qd4 cxd5 26. cxd5 Re1+ 27. Kf2 Rh1 28. Bf1 Rxh2+ 29. Bg2 Qe7 30. Kg1 Rh6 31. Bf1 Rg6 32. Kf2 Qe4 33. Bg2 Qe7 34. Re2 Qd7 35. Bf3 Ba6 36. Re6 Rc8 37. g4 Rc4 38. Qe3 Rxe6 39. dxe6 Qe7 40. Kg3 Rc2 41. Bd4 $17 fxg4 42. Bxg4 Bb7 43. Be2 Ba8 44. Bh5 g6 45. Be2 Qb7 46. e7 Qg2+ 47. Kh4 g5+ 48. Kh5 Qxe2+ 0-1

[Event "WYCC 2018 O18"]
[Site "Halkidiki"]
[Date "2018.10.22"]
[Round "4"]
[White "Jimenez Ramallo, Francisco J"]
[Black "Carnicelli, Valerio"]
[Result "0-1"]
[ECO "E63"]
[WhiteElo "2073"]
[BlackElo "2299"]
[Annotator "NA"]
[PlyCount "92"]
[EventDate "2018.10.20"]
[EventType "swiss"]
[EventCountry "GRE"]
[SourceTitle "playchess.com"]
[Source "ChessBase"]
[SourceQuality "1"]
[TimeControl "40/5400+30:1800+30"]

1. d4 Nf6 2. c4 g6 3. g3 Bg7 4. Bg2 O-O 5. Nc3 d6 6. Nf3 Nc6 7. O-O a6 8. b3 Rb8 9. d5 Na5 {[%emt 0:05:51] E63: King's Indian: Fianchetto: Panno Variation with 7...a6} 10. Bg5 (10. Bd2 c5 11. dxc6 Nxc6 12. Qc1 Bd7 13. Bh6 b5 14. Bxg7 Kxg7 15. cxb5 axb5 16. Qb2 Kg8 17. b4 Qb6 18. Rfd1 Rfc8 {½-½ (77) Inarkiev,E (2689)-Zhao,J (2604) Riadh 2017}) 10... b5 11. cxb5 axb5 12. b4 Nc4 13. Rc1 Bd7 14. Nd2 $146 ({Predecessor:} 14. Qb3 e6 15. Nd4 h6 16. Bxf6 Qxf6 17. Rfd1 {½-½ (42) Pechoucek,M (1536)-Timar,Z (2212) IECG email 2003}) 14... h6 15. Nxc4 bxc4 16. Bxf6 exf6 17. b5 f5 18. a4 f4 19. Na2 fxg3 20. hxg3 Ra8 21. Nb4 c3 22. Qc2 h5 23. Nc6 Qg5 24. Qe4 Rfe8 25. Qc4 Qg4 26. e4 h4 $17 27. gxh4 Qxh4 28. f4 Bh3 29. Rf3 Bg4 30. Re3 Bd7 31. Rf1 Bf6 32. Rd3 Kg7 33. Nd4 Rh8 34. Rff3 Qh2+ 35. Kf1 Rh4 36. e5 dxe5 37. Ne6+ Bxe6 38. dxe6 e4 39. Qxe4 c2 40. Qc4 Rxa4 41. Qxc2 Ra1+ 42. Rd1 Bd4 43. Rxa1 Qg1+ 44. Ke2 Qxg2+ 45. Kd3 Qxf3+ 46. Kxd4 Qxf4+ 0-1

[Event "WYCC 2018 O18"]
[Site "Halkidiki"]
[Date "2018.10.22"]
[Round "4"]
[White "Brewer, Callum D"]
[Black "Pantzar, Milton"]
[Result "0-1"]
[ECO "B00"]
[WhiteElo "2056"]
[BlackElo "2326"]
[Annotator "NA"]
[PlyCount "58"]
[EventDate "2018.10.20"]
[EventType "swiss"]
[EventCountry "GRE"]
[SourceTitle "playchess.com"]
[Source "ChessBase"]
[SourceQuality "1"]
[TimeControl "40/5400+30:1800+30"]

1. e4 Nc6 2. Nf3 d6 3. h3 Nf6 4. Nc3 g6 5. d4 Bg7 6. Be3 O-O 7. Qd2 a6 {[%emt 0:06:24] B08: Pirc Defence: Classical System} 8. O-O-O (8. Bd3 e5 9. d5 Ne7 10. g4 c6 11. dxc6 bxc6 12. O-O-O d5 13. Nxe5 Nxe4 14. Bxe4 Bxe5 15. Bg2 {0-1 (27) Movsesian,S (2647)-Carlsen,M (2837) Riadh 2017}) 8... b5 9. e5 dxe5 10. Nxe5 $146 ({Predecessor:} 10. dxe5 Qxd2+ 11. Rxd2 b4 12. Nd5 Nxd5 13. Rxd5 Nd8 14. Bc4 Nb7 15. Rd2 {1-0 (39) Webb,L (2336)-Evans Quek,S (2295) West Bromwich 2005}) 10... Bb7 11. Bh6 {[%emt 0:12:15] [#]} Qxd4 $1 12. Nd3 Rad8 13. Be3 Qd7 14. Nc5 Qxd2+ 15. Rxd2 Rxd2 16. Bxd2 Bc8 17. a4 b4 18. Nd1 a5 19. g4 $17 Nd4 20. Bg2 Nd7 21. Nxd7 Bxd7 22. b3 Be6 23. Ne3 Rd8 24. Re1 Bxb3 25. Bxb4 axb4 26. cxb3 Nxb3+ 27. Kc2 Nc5 28. Nd5 b3+ 29. Kb1 Nxa4 0-1

[Event "WYCC 2018 O18"]
[Site "Halkidiki"]
[Date "2018.10.22"]
[Round "4"]
[White "Liang, Albert"]
[Black "Alexiadis, Hristos"]
[Result "0-1"]
[ECO "B91"]
[WhiteElo "2042"]
[BlackElo "2263"]
[Annotator "NA"]
[PlyCount "74"]
[EventDate "2018.10.20"]
[EventType "swiss"]
[EventCountry "GRE"]
[SourceTitle "playchess.com"]
[Source "ChessBase"]
[SourceQuality "1"]
[TimeControl "40/5400+30:1800+30"]

1. e4 c5 2. Nf3 d6 3. d4 cxd4 4. Nxd4 Nf6 5. Nc3 a6 6. g3 e5 7. Nb3 Be7 8. Bg2 O-O 9. O-O Be6 10. a4 Nbd7 11. Re1 {[%emt 0:01:46] B91: Sicilian Najdorf: 6 g3} Rc8 12. Nd2 Qa5 (12... h6 13. Nf1 Re8 14. Ne3 Qc7 15. a5 Nf8 16. Bd2 N8h7 17. h4 Qd7 18. Na4 Bd8 {0-1 (67) Duda,J (2737)-Grischuk,A (2766) chess.com INT 2018}) 13. Nd5 $146 ({Predecessor:} 13. Nf1 b5 14. Ne3 Rxc3 15. bxc3 Nc5 16. Nf5 Bxf5 17. exf5 Nxa4 18. c4 Qc7 19. cxb5 axb5 {1-0 (32) Mista,A (2613)-Nagy,G (2423) Arad 2014}) 13... Nxd5 14. exd5 Bf5 15. c3 Qc7 16. Nf1 Bg6 17. Be3 Rce8 18. Qc1 Bh5 19. c4 a5 20. Qc3 f5 21. f4 Bf6 22. Qc2 Nc5 23. Nd2 exf4 24. gxf4 Bh4 25. Bf2 Bxf2+ 26. Kxf2 Qd8 27. Kg1 Qh4 28. Rxe8 Bxe8 29. Rf1 Qf6 30. b3 Qd4+ 31. Kh1 Bh5 32. Nb1 $19 Nd3 33. Qd2 Re8 34. Nc3 Be2 35. Nb1 Bxf1 36. Bxf1 Re1 37. Kg2 Qe4+ 0-1

[Event "WYCC 2018 O18"]
[Site "Halkidiki"]
[Date "2018.10.22"]
[Round "4"]
[White "Kadianis, Georgios"]
[Black "Kandil, Adham"]
[Result "1-0"]
[ECO "B26"]
[WhiteElo "1928"]
[BlackElo "2292"]
[Annotator "NA"]
[PlyCount "61"]
[EventDate "2018.10.20"]
[EventType "swiss"]
[EventCountry "GRE"]
[SourceTitle "playchess.com"]
[Source "ChessBase"]
[SourceQuality "1"]
[TimeControl "40/5400+30:1800+30"]

1. e4 c5 2. Nc3 d6 3. g3 g6 4. Bg2 Bg7 5. d3 Nc6 6. Be3 Nd4 7. Qd2 e5 8. Nd5 Be6 {[%emt 0:05:45] B26: Closed Sicilian: 3 g3, lines with early Be3} (8... h6 9. c3 Nc6 10. Ne2 Nge7 11. O-O Nxd5 12. exd5 Ne7 13. f4 exf4 14. Bxf4 g5 15. Be3 O-O 16. d4 {0-1 (70) Short,N (2678)-Mamedov,R (2709) Riadh 2017}) 9. c3 Bxd5 10. cxd4 cxd4 11. Bg5 f6 12. exd5 fxg5 13. Bh3 Qb6 $146 ({Predecessor:} 13... Nf6 14. Be6 Nd7 15. Nf3 Nc5 16. Nxg5 {1-0 (40) Lerch,P (2353)-Wirthensohn,H (2396) Germany 2004}) 14. Be6 g4 15. Kf1 Bh6 16. Qc2 Nf6 17. h3 gxh3 18. Rxh3 Bg7 19. Rc1 Kd8 20. Nf3 Ne8 21. Ng5 Ke7 22. Nxh7 Qa5 23. b4 Qa3 24. Qd2 Bf6 $18 25. Nxf6 Rxh3 26. Ng8+ Kf8 27. Bxh3 Kxg8 28. Be6+ Kg7 29. Kg2 Kf6 30. Qh6 Ng7 31. Qh4+ 1-0

[Event "WYCC 2018 O18"]
[Site "Halkidiki"]
[Date "2018.10.23"]
[Round "5"]
[White "Ioannidis, Evgenios"]
[Black "Beukema, Jasper"]
[Result "0-1"]
[ECO "A80"]
[WhiteElo "2407"]
[BlackElo "2256"]
[Annotator "ChessBase"]
[PlyCount "65"]
[EventDate "2018.10.20"]
[EventType "swiss"]
[EventCountry "GRE"]
[SourceTitle "playchess.com"]
[Source "ChessBase"]
[SourceQuality "1"]
[TimeControl "40/5400+30:1800+30"]

1. d4 f5 2. Nc3 d5 3. Bf4 Nf6 4. Nb5 Na6 5. e3 e6 6. Nf3 c6 7. Nc3 b6 8. Ne5 Nb8 9. Bd3 Be7 10. g4 fxg4 11. Nxg4 Nbd7 12. Rg1 g6 13. Ne5 Nxe5 14. Bxe5 Rf8 15. Qd2 a6 16. O-O-O c5 17. e4 c4 18. Bf1 b5 19. Bxf6 Bxf6 20. exd5 exd5 21. Re1+ Kf7 22. Nxd5 Kg7 23. Bg2 Bh4 24. Ne7 Ra7 25. Nc6 Qf6 26. Nxa7 Bg5 27. Re3 Qxf2 28. Rge1 Bg4 29. h3 Bh5 30. Be4 b4 31. Nc6 Bxe3 32. Rxe3 Qxe3 33. Bg2 0-1

[Event "WYCC 2018 O18"]
[Site "Halkidiki"]
[Date "2018.10.23"]
[Round "5"]
[White "Miciano, John Marvin"]
[Black "Liska, Jiri"]
[Result "1-0"]
[ECO "A45"]
[WhiteElo "2361"]
[BlackElo "2245"]
[Annotator "NA"]
[PlyCount "97"]
[EventDate "2018.10.20"]
[EventType "swiss"]
[EventCountry "GRE"]
[SourceTitle "playchess.com"]
[Source "ChessBase"]
[SourceQuality "1"]
[TimeControl "40/5400+30:1800+30"]

1. d4 {[%emt 0:00:00] Roiz,M} Nf6 2. g3 g6 3. Bg2 d5 4. c4 c6 5. Qa4 {[%emt 0:00:17] D71: Fianchetto Grünfeld: 3 g3 d5 sidelines and 5 cxd5 (without Nf3)} Nfd7 (5... Bg7 6. cxd5 O-O 7. e4 cxd5 8. e5 Nfd7 9. Nc3 Nb6 10. Qd1 Nc6 11. Nge2 Bg4 12. h3 Bxe2 13. Nxe2 {0-1 (60) Mamedyarov,S (2801)-Vachier Lagrave,M (2779) Saint Louis 2018}) 6. cxd5 Nb6 7. Qd1 cxd5 8. e3 Bg7 9. Ne2 O-O 10. Nbc3 Nc6 11. O-O e6 12. b3 Bd7 $146 ({Predecessor:} 12... a5) 13. a4 Re8 14. Ba3 a6 15. Rc1 f5 16. Nf4 Qf6 17. Bc5 Nc8 18. Nd3 b6 19. Ba3 Bf8 20. Bxf8 Kxf8 21. f4 Qe7 22. Ne5 Nxe5 23. fxe5 Qg5 24. e4 Ne7 25. exd5 exd5 26. Qd3 Rac8 27. Ne2 Rxc1 28. Rxc1 Rc8 29. Rxc8+ Bxc8 30. Nf4 Ke8 31. Qc3 Bb7 32. Kf2 Qh6 33. h4 g5 34. hxg5 Qc6 35. Qxc6+ Bxc6 36. Bf1 a5 37. Bd3 Kf7 38. e6+ Kg7 39. g4 h6 40. gxf5 hxg5 41. Nh5+ Kf8 42. Kf3 b5 43. Kg4 bxa4 44. bxa4 Bxa4 45. Kxg5 Nc6 46. f6 Nxd4 47. e7+ Kg8 48. Bg6 Ne6+ 49. Kh6 1-0

[Event "WYCC 2018 O18"]
[Site "Halkidiki"]
[Date "2018.10.23"]
[Round "5"]
[White "Mitrabha, Guha"]
[Black "Kadianis, Georgios"]
[Result "1-0"]
[ECO "D70"]
[WhiteElo "2352"]
[BlackElo "1928"]
[Annotator "NA"]
[PlyCount "89"]
[EventDate "2018.10.20"]
[EventType "swiss"]
[EventCountry "GRE"]
[SourceTitle "playchess.com"]
[Source "ChessBase"]
[SourceQuality "1"]
[TimeControl "40/5400+30:1800+30"]

1. d4 d5 2. Nf3 Nf6 3. c4 c6 4. Nbd2 e6 5. g3 dxc4 {[%emt 0:01:44] D30: Damengambit (ohne Sc3)} (5... Be7 6. Bg2 O-O 7. O-O b6 8. b3 Bb7 9. Bb2 Nbd7 10. Rc1 Rc8 11. e3 dxc4 12. Nxc4 c5 13. Qe2 cxd4 14. Nxd4 Bxg2 15. Kxg2 a6 16. Nf3 b5 17. Nce5 Qb6 18. Nxd7 {½-½ (18) Dubov,D (2691)-Korobov,A (2664) Abu Dhabi 2018}) 6. Nxc4 b5 7. Nce5 Bb7 8. Bg2 Be7 9. O-O O-O 10. Qb3 Nbd7 11. Rd1 $146 ({Vorgänger:} 11. a4 a6 12. Bf4 Nd5 13. Rfc1 Rc8 14. Nxd7 Qxd7 15. Ne5 Qd8 {1-0 (31) Postnikov,A (2024)-Survilo,V (1937) Berdsk 2010}) 11... Qc7 12. Bf4 Nxe5 13. Nxe5 Qb6 14. Be3 Qa6 15. a4 b4 16. Nd3 Nd5 17. Bd2 Qb6 18. e4 Nc7 19. Nc5 Bc8 20. a5 Qb8 21. Bf4 Rd8 22. Ra4 Bxc5 23. dxc5 Rxd1+ 24. Qxd1 Ba6 25. Qd7 Qb5 26. Ra1 e5 27. Bf1 Qb7 28. Bxe5 Ne6 29. Qxb7 Bxb7 30. a6 Bc8 31. Rd1 f6 32. Bd6 Kf7 33. Bc4 Ke8 34. f4 Bd7 35. h4 Rd8 36. f5 Nf8 37. Bxf8 Kxf8 38. Be6 Ke7 39. Rxd7+ Rxd7 40. Bxd7 Kxd7 41. Kf2 g6 $18 42. g4 Ke7 43. h5 gxh5 44. gxh5 Kf7 45. h6 1-0